[Event "1st FIDE Olympiad DIS 2023"]
[Site "Belgrade"]
[Date "2023.02.02"]
[Round "4.17"]
[White "Zambo, Zoltan Istvan"]
[Black "Shashikant, Kutwal"]
[Result "1/2-1/2"]
[ECO "E62"]
[WhiteElo "2301"]
[BlackElo "2182"]
[Annotator "TA"]
[PlyCount "84"]
[EventDate "2023.01.30"]
[EventType "team-tourn"]
[EventCountry "SRB"]
[SourceTitle "playchess.com"]
[Source "ChessBase"]
[SourceQuality "1"]
[WhiteTeam "Hungary"]
[BlackTeam "India"]
[WhiteTeamCountry "HUN"]
[BlackTeamCountry "IND"]
[TimeControl "40/5400+30:1800+30"]

1. d4 Nf6 2. c4 g6 3. Nf3 Bg7 4. g3 O-O 5. Bg2 d6 6. O-O Nc6 7. Nc3 e5 8. d5 Nb8 $1 {[%emt 0:01:07][%mdl 4] outshines the older 8...Ne7.} 9. e4 a5 {[%emt 0:05:22] E62: King's Indian: Fianchetto: 6...c6 and Panno Variation (6...Nc6) without ...a6.} 10. Ne1 Na6 11. Nd3 b6 (11... Nd7 $11) 12. b3 (12. a3 $14) 12... Nc5 (12... Nd7 $11) 13. Rb1 ({White should play} 13. Nxc5 $14 dxc5 14. Nb5) 13... Ne8 {[%emt 0:07:48] [#]} ({Better is} 13... Nfd7 $11) 14. a3 $146 ({Predecessor:} 14. Bb2 f5 15. f4 exf4 16. Nxf4 Nf6 17. Ne6 Nxe6 18. dxe6 Bxe6 19. exf5 Bxf5 20. Bxa8 Qxa8 21. Rxf5 gxf5 {0-1 Avramidou,A (2228)-Pavlidis,A (2536) Kavala op 25th 2016 (2)}) 14... f5 15. f3 f4 16. g4 (16. Nb2 $11) 16... h5 $15 17. h3 hxg4 18. fxg4 Nxd3 19. Qxd3 Bf6 20. Bf3 Bh4 21. Ne2 Rf7 (21... Qg5 $19 22. Bg2 Qh6) 22. Bd2 (22. Nxf4 $17 {was called for.} exf4 23. e5) 22... Nf6 $19 23. Bg2 Nh7 (23... Qf8 $19 {aiming for ...Bd7.} 24. Nxf4 exf4 25. Bxf4 Nxg4 {[%mdl 64] Discovered Attack} 26. hxg4 Rxf4) 24. Nxf4 $1 $15 exf4 25. e5 $2 {[%emt 0:00:43][%mdl 8192] [#]} (25. Bxf4 $15 Qe8 26. e5 Rxf4 {[%mdl 64] Remove Defender} 27. Rxf4 dxe5 28. Re4) 25... dxe5 $19 26. d6 Qxd6 $2 ({Black should try} 26... Ra7 $19 27. Qxg6+ Rg7 28. Bd5+ Kf8 29. dxc7 Rxg6 30. cxd8=N Bxd8) 27. Qxd6 $11 cxd6 28. Bxa8 Bb7 29. Bxb7 Rxb7 30. b4 a4 31. Bc3 (31. Be1 $5 Be7 32. Kg2 $14) 31... Rc7 32. c5 bxc5 33. bxc5 Rxc5 34. Bb4 Rc6 (34... Rc2 $5 35. Rfc1 (35. Bxd6 Ng5 $11) 35... Re2 $14) 35. Rfd1 {[%emt 0:01:30][%mdl 1024] White has compensation.} (35. Rbc1 $5 Rb6 36. Rfd1 $11) 35... Be7 36. Rbc1 Rb6 (36... Rxc1 {simplifies} 37. Rxc1 Kf7 38. Kg2 Ke6) 37. Rc7 Kf8 38. Rdc1 Rc6 $2 {[%mdl 8192] [#]} 39. Rd1 $4 Rb6 $2 (39... Rxc7 $19 40. h4 Kf7) 40. Ra7 Ng5 41. Rc7 (41. Rc1 $11 Ne6 42. Rxa4) 41... Nh7 (41... Ne6 $15 {should be considered.} 42. Ra7 Nd4) 42. h4 {[%emt 0:00:03] Black must now prevent g5.} Nf6 {[%emt 0:32:17] Never resign too early! An interesting game.   Weighted Error Value: White=0.51/Black=0.56} 1/2-1/2

[Event "1st FIDE Olympiad DIS 2023"]
[Site "Belgrade"]
[Date "2023.02.02"]
[Round "4.17"]
[White "Pavicevic, Jovan R"]
[Black "Zaynidinov, Sirojiddin"]
[Result "1/2-1/2"]
[ECO "B50"]
[WhiteElo "2214"]
[BlackElo "2042"]
[Annotator "TA"]
[PlyCount "50"]
[EventDate "2023.01.30"]
[EventType "team-tourn"]
[EventCountry "SRB"]
[SourceTitle "playchess.com"]
[Source "ChessBase"]
[SourceQuality "1"]
[WhiteTeam "Serbia"]
[BlackTeam "Uzbekistan"]
[WhiteTeamCountry "SRB"]
[BlackTeamCountry "UZB"]
[TimeControl "40/5400+30:1800+30"]

1. e4 c5 2. Nf3 d6 3. c3 Nf6 4. h3 Nc6 5. Bd3 e5 6. Bc2 Be7 7. O-O {[%emt 0:00:38] B50: Sicilian: 2...d6, Miscellaneous.} O-O 8. d4 $1 {[%emt 0:04:19] The main line 8.d4 scores better than 8.Re1.} exd4 9. cxd4 Nb4 (9... cxd4 $11 10. Nxd4 d5) 10. Nc3 $14 Nxc2 11. Qxc2 {[%emt 0:00:17] [#]} a6 $146 (11... cxd4 $14 12. Nxd4 Qa5) ({Predecessor:} 11... Bd7 12. dxc5 dxc5 13. Rd1 Qc8 14. Bg5 h6 15. Bh4 Re8 16. e5 Nh7 17. Bxe7 Rxe7 {½-½ Mihajlovskij,S (2476)-Okrugin,S (2354) Voronezh op-A 2008 (6)}) 12. a4 (12. dxc5 $16 dxc5 13. Rd1) 12... Be6 13. Rd1 {[%emt 0:04:12] [#] Hoping for dxc5.} Qc8 14. Be3 b6 15. Ng5 Ne8 16. dxc5 (16. Nxe6 {simplifies} fxe6 17. Rab1 Rb8 18. d5) 16... dxc5 (16... bxc5 $14 17. e5 Bf5) 17. Nd5 {[%emt 0:11:34] White is much more active. The black rooks are badly placed.} Bxd5 ({Black should try} 17... Bxg5 18. Bxg5 Qb7) 18. Rxd5 (18. exd5 $16 g6 19. a5) 18... Nc7 {[%emt 0:00:48] White must now prevent ...h6.} (18... h6 $5 19. Nf3 $8 Nf6 $11) 19. Rd2 Ne6 20. Nxe6 Qxe6 21. Rad1 Rfd8 {[%emt 0:08:58] The position is equal.} 22. Rxd8+ Rxd8 23. Rxd8+ Bxd8 24. Qd3 Qc8 25. b3 Be7 {[%emt 0:02:08] Weighted Error Value: White=0.27 (precise) /Black=0.26 (precise)} 1/2-1/2

[Event "1st FIDE Olympiad DIS 2023"]
[Site "Belgrade"]
[Date "2023.02.02"]
[Round "4.18"]
[White "Kishan, Gangolli"]
[Black "Mate, Balazs"]
[Result "1-0"]
[ECO "D45"]
[WhiteElo "2059"]
[BlackElo "2015"]
[Annotator "TA"]
[PlyCount "115"]
[EventDate "2023.01.30"]
[EventType "team-tourn"]
[EventCountry "SRB"]
[SourceTitle "playchess.com"]
[Source "ChessBase"]
[SourceQuality "1"]
[WhiteTeam "India"]
[BlackTeam "Hungary"]
[WhiteTeamCountry "IND"]
[BlackTeamCountry "HUN"]
[TimeControl "40/5400+30:1800+30"]

1. d4 d5 2. c4 c6 3. Nc3 Nf6 4. e3 e6 5. Nf3 Nbd7 6. Be2 Bd6 7. O-O O-O 8. b3 Qe7 9. Bb2 b6 {[%emt 0:07:06] D45: Semi-Slav: 5 e3.} 10. Bd3 Bb7 11. Re1 Rfd8 {[%emt 0:05:12] [#] The position is equal.} 12. e4 $146 {[%emt 0:07:49] e5 would be deadly.} ({Predecessor:} 12. Qc2 h6 13. e4 dxe4 14. Nxe4 Ba3 15. Bc3 a5 16. Re3 Bb4 17. Bb2 Ba3 18. Bxa3 Qxa3 {½-½ Praggnanandhaa,R (2648)-Lodici,L (2553) Olympiad-44 Chennai 2022 (4.3)}) 12... dxe4 13. Nxe4 Nxe4 14. Bxe4 Nf6 15. Bc2 Ba3 16. Bc3 Bb4 17. Qd3 Qd6 18. Bxb4 Qxb4 19. Ne5 Qd6 20. Rad1 Qc7 21. Qh3 $1 h6 {[%emt 0:05:14] [#]} (21... g6 $142) 22. f4 {[%emt 0:10:00] White is much more active.} (22. Rd3 $1 $16 {[%cal Rd3g3] Strongly threatening Rg3.} Kf8 23. f4) 22... c5 $14 23. f5 (23. g4 $1 $14 Nd7 24. g5 Nxe5 {[%mdl 64] Remove Defender} 25. dxe5) 23... Re8 $11 24. Nxf7 Qxf7 ({Resist} 24... Kxf7 25. fxe6+ Kg8 26. d5 $16) (24... exf5 $1 $11 {keeps the balance.} 25. Ne5 Be4 26. Bxe4 {[%mdl 64] Remove Defender} Nxe4) 25. fxe6 $16 {[%emt 0:00:00][%cal Bf5e6,Be6e7][%mdl 32] White now steadily converts the win.} Qh5 (25... Qe7 $16) 26. Qxh5 $18 Nxh5 27. Bg6 Nf6 28. Bxe8 Nxe8 29. dxc5 bxc5 30. e7 Kf7 31. Rd8 Rc8 32. Rxc8 Bxc8 {[%emt 0:00:03] [#]} 33. Re5 {[%emt 0:00:13] Prevents Bf5} Bb7 34. Rxc5 Kxe7 35. Re5+ Kd7 36. Kf2 a6 37. Re2 Nf6 38. h3 Nh5 39. g3 Nf6 40. Ke3 Kd6 41. Kd4 Bc6 42. b4 Nh5 (42... Ne8 $142 43. a4 Nc7) 43. Re3 Nf6 {[%emt 0:00:48] [#]} (43... Bd7 $142 44. h4 g5) 44. a4 $1 Bg2 45. g4 Bb7 (45... Ng8 {might work better.} 46. Rg3 Bb7 47. c5+ Ke6) 46. b5 Bc8 $2 (46... Nd7 47. a5 Nc5) 47. c5+ Kd7 48. Ke5 Kc7 49. Rf3 Nd7+ 50. Kd4 Nf6 51. Re3 {[%emt 0:01:00] aiming for Re7+.} Kd7 {[%emt 0:00:37] Against Re7+} 52. Rc3 a5 53. Re3 g5 54. Rf3 Ke7 55. c6 {[%emt 0:00:00] White mates.} Be6 {[%emt 0:01:03] [#]} 56. Rxf6 $1 {[%emt 0:01:48][%mdl 576] Promotion} Kxf6 57. b6 Ke7 58. b7 {[%emt 0:00:00] Weighted Error Value: White=0.38/Black=0.43} 1-0

[Event "1st FIDE Olympiad DIS 2023"]
[Site "Belgrade"]
[Date "2023.02.02"]
[Round "4.18"]
[White "Mamarajabov, Sardorbek"]
[Black "Tonic, Milos"]
[Result "1-0"]
[ECO "B11"]
[WhiteElo "1712"]
[BlackElo "2018"]
[Annotator "TA"]
[PlyCount "79"]
[EventDate "2023.01.30"]
[EventType "team-tourn"]
[EventCountry "SRB"]
[SourceTitle "playchess.com"]
[Source "ChessBase"]
[SourceQuality "1"]
[WhiteTeam "Uzbekistan"]
[BlackTeam "Serbia"]
[WhiteTeamCountry "UZB"]
[BlackTeamCountry "SRB"]
[TimeControl "40/5400+30:1800+30"]

1. e4 c6 2. Nc3 d5 3. Nf3 Bg4 4. h3 Bxf3 5. Qxf3 Nf6 6. d3 d4 {[%emt 0:03:03] B11: Caro-Kann: Two Knights Variation.} 7. Ne2 e5 8. Bd2 Nbd7 {[%emt 0:02:17][%cal Bb8d7,Bd7c5,Bc5e6][%mdl 32] The position is equal.} 9. g4 Nc5 {[%emt 0:10:08] [#]} 10. g5 $146 ({Predecessor:} 10. Ng3 g6 11. Bg2 Ne6 12. Ne2 h6 13. Qg3 Bd6 14. h4 Qc7 15. O-O g5 16. h5 {1-0 Ozturkler,B (1966)-Kulakli,A (1649) TUR-chT Clubs 2019 (4.14)}) 10... Nfd7 11. h4 Bd6 12. Bh3 Qe7 13. O-O-O Ne6 14. Kb1 c5 15. Qg2 {[%emt 0:05:06] White is more active.} b5 {[%emt 0:04:11] [#]} (15... O-O-O $14) 16. f4 $1 $16 c4 (16... Nc7 $16 {was worth a try.} 17. Rhf1 exf4) (16... O-O-O 17. f5) 17. Bxe6 (17. f5 $18 Nc7 18. f6 gxf6 19. Ng3) 17... fxe6 18. dxc4 bxc4 19. fxe5 (19. Nxd4 {is more complex.} exd4 20. e5 O-O 21. exd6 Qxd6 22. Be3) 19... Bxe5 20. c3 $2 (20. Bc1 $1 $16) 20... dxc3 (20... d3 $17 21. Nd4 O-O) 21. Bxc3 $11 Bxc3 22. Nxc3 (22. bxc3 $2 Qa3 23. Ka1 Nc5 $19) 22... O-O 23. Qg3 {[%emt 0:05:09] Inhibits Ne5.} Nc5 24. Rd4 (24. Qd6 {simplifies} Qxd6 25. Rxd6 Rab8 26. Ka1) 24... Rab8 {[%emt 0:10:49] Strongly threatening ...Qb7.} 25. Rxc4 Qb7 $1 26. Qg2 (26. Rxc5 $2 Qxb2#) (26. b4 $2 Qa6 27. Rd4 (27. Rxc5 $2 Rxb4+ 28. Kc2 Qa3 $19) 27... Qa3 $19) (26. Qh2 $15 Nd3 27. b3) 26... Nd3 $19 27. b3 Qa6 $2 (27... Rf2 $19 {is more deadly.} 28. Qxf2 Nxf2) 28. Ra4 $17 Qc6 (28... Qb6 $1 $17 {White must now prevent ...Rf2.} 29. Qc2 Nb4) 29. Qc2 (29. Qd2 $11 {and White stays safe.} Rfd8 30. h5 (30. Rxa7 Qc5 $17)) 29... Nb4 $19 {[%emt 0:00:23][%mdl 1024] Black has strong compensation.} 30. Qb2 {[%emt 0:01:08] [#]} Nd3 $2 (30... a5 $1 $19 {...Rbc8 is the strong threat.} 31. Rxa5 Rbc8) 31. Qc2 Nb4 (31... Rf3 $11 32. Rd4 (32. Rxa7 $2 Rc8 $19) 32... Ne5) 32. Qb2 $1 Rf3 ({Black should play} 32... a5 $19 33. Rd1 (33. Rxa5 $2 {perishes.} Rf3 $19) 33... Rf3) 33. Rc1 $17 Nd3 34. Qe2 Rh3 (34... Nxc1 $17 35. Qxf3 Nxb3 {[%mdl 64] Demolition} 36. axb3 Rxb3+ 37. Kc2 Qxa4) 35. Qf1 $15 Re3 $2 (35... Nxc1 $17 {keeps the pressure on.} 36. Qxh3 Nxb3 {[%mdl 64] Demolition} 37. axb3 Rxb3+ 38. Kc2 Rxc3+ {[%mdl 64] Remove Defender} 39. Qxc3 Qxa4+ 40. Kd3 Qa6+ 41. Ke3 Qb6+ 42. Kf3 Kf7) 36. Rxa7 $1 $40 {[%emt 0:04:43][%mdl 128] Threatening mate with Qf7+. White wants a kill.} Rf8 {[%emt 0:00:10] [#] Dodges Qf7+} 37. Nd5 $1 {[%emt 0:01:26][%mdl 64] White threatens Ne7+ and mate. Discovered Attack} ({But not} 37. Qg1 $2 Re1 38. Rxe1 Qxc3 $19) 37... exd5 (37... Rxf1 $16 38. Ne7+ Kh8 39. Rxf1 Qe8) 38. Qxf8+ {[%emt 0:00:38] White is clearly winning.} (38. Rxc6 $2 {is the wrong capture.} Rxf1+ 39. Kc2 Nb4+ 40. Kd2 Rd3+ 41. Ke2 Nxc6 $19) 38... Kxf8 39. Rxc6 Re1+ 40. Kc2 {[%emt 0:00:08] Never resign too early! Excellently played by Mamarajabov!   Weighted Error Value: White=0.40/Black=0.62} 1-0

[Event "1st FIDE Olympiad DIS 2023"]
[Site "Belgrade"]
[Date "2023.02.02"]
[Round "4.19"]
[White "Zivic, Dragan"]
[Black "Kimsanboyev, Axadxon"]
[Result "1/2-1/2"]
[ECO "B26"]
[WhiteElo "2186"]
[BlackElo "1600"]
[Annotator "TA"]
[PlyCount "108"]
[EventDate "2023.01.30"]
[EventType "team-tourn"]
[EventCountry "SRB"]
[SourceTitle "playchess.com"]
[Source "ChessBase"]
[SourceQuality "1"]
[WhiteTeam "Serbia"]
[BlackTeam "Uzbekistan"]
[WhiteTeamCountry "SRB"]
[BlackTeamCountry "UZB"]
[TimeControl "40/5400+30:1800+30"]

1. e4 c5 2. Nc3 d6 3. g3 Nc6 4. Bg2 g6 5. d3 Bg7 6. Be3 e5 7. Qd2 Nge7 8. Bh6 O-O 9. h4 Bxh6 {[%emt 0:00:13] B26: Closed Sicilian: 3 g3, lines with early Be3.} 10. Qf4 Bg5 $2 (10... exf4 $19 11. gxf4 Qb6) 11. Qxg5 $11 f6 12. Qd2 {[%emt 0:09:01] [#]} h5 $146 ({Predecessor:} 12... Nd4 13. Nge2 Bg4 14. Nxd4 cxd4 15. Ne2 Qb6 16. c4 dxc3 17. Nxc3 Rac8 18. O-O Be6 19. Kh2 Nc6 {0-1 Stearman,J (2349)-Bocharov,D (2524) Titled Tuesday intern op 28th Apr blitz 2020 (3)}) 13. Bh3 Kg7 14. O-O-O Nd4 15. f3 Bxh3 16. Rxh3 Qd7 {[%emt 0:00:16][%cal Od4f3] Against g4} 17. Rh2 b5 18. Nce2 d5 19. Kb1 Rad8 20. Rg2 ({Better is} 20. Nxd4 $11 cxd4 21. Ne2) 20... Nxe2 21. Rxe2 d4 22. Rg2 c4 23. g4 Rh8 (23... hxg4 $11 24. fxg4 Rc8) 24. Ne2 $14 Rc8 (24... hxg4 {is interesting.} 25. Rxg4 Rc8 26. Rdg1 Qd6) 25. Rdg1 Qd6 (25... hxg4 $11 26. Rxg4 Qd6) 26. gxh5 $16 {[%emt 0:01:30][%cal Rg2g6] And now Rxg6+ would win.} Rxh5 {[%emt 0:00:11] [#]} 27. Rxg6+ $3 Nxg6 {[%emt 0:00:32] [#]} 28. Ng3 $1 Kh7 29. Nxh5 $18 {[%emt 0:01:33] dxc4 is the strong threat.} Rg8 30. Rg4 Qe6 31. Qg2 (31. a3 $18) 31... Qf7 32. Qg1 (32. Qf1 {simplifies} Ne7 33. Ng3 a5 34. Rxg8 Qxg8 35. Qh3) 32... cxd3 33. cxd3 Kh6 {[%emt 0:00:49] [#]} 34. Nxf6 Qxf6 {[%emt 0:00:13] [#]} 35. h5 $1 Ne7 {[%emt 0:00:42] Strongly threatening ...Rxg4.} 36. Rxg8 Nxg8 37. Qxg8 {[%emt 0:00:12] Threatens to win with Qe8.} Kxh5 $16 {[%emt 0:00:01][%mdl 4096] Endgame [#] KQ-KQ} 38. Qe8+ (38. Qg4+ $1 $16 Kh6 39. Qh3+ Kg6 40. Kc2) 38... Kh4 $11 {[%emt 0:00:05] The position is equal.} 39. Qxb5 Qxf3 40. a3 (40. Qxe5 $2 Qd1#) 40... Qd1+ 41. Ka2 Kg4 42. Qxe5 Qxd3 43. Qd5 Kf4 44. e5 {[%emt 0:00:00] Hoping for e6.} Kf5 45. e6+ Kf6 46. Qd7 Qc4+ 47. Kb1 {[%emt 0:00:00] Qf7+ would be deadly.} d3 48. e7 Qc2+ 49. Ka2 Qc4+ 50. Ka1 Qc1+ 51. Ka2 Qc4+ 52. Kb1 Qc2+ 53. Ka1 Qc1+ 54. Ka2 Qc4+ {[%emt 0:00:26] Blacks defense is rewarded with a draw. An exciting game.   Weighted Error Value: White=0.23 (precise) /Black=0.30} 1/2-1/2

[Event "1st FIDE Olympiad DIS 2023"]
[Site "Belgrade"]
[Date "2023.02.02"]
[Round "4.19"]
[White "Paal-Szucs, Attila"]
[Black "Darpan, Inani"]
[Result "1/2-1/2"]
[ECO "B50"]
[WhiteElo "2141"]
[BlackElo "2016"]
[Annotator "TA"]
[PlyCount "82"]
[EventDate "2023.01.30"]
[EventType "team-tourn"]
[EventCountry "SRB"]
[SourceTitle "playchess.com"]
[Source "ChessBase"]
[SourceQuality "1"]
[WhiteTeam "Hungary"]
[BlackTeam "India"]
[WhiteTeamCountry "HUN"]
[BlackTeamCountry "IND"]
[TimeControl "40/5400+30:1800+30"]

1. e4 c5 2. Nf3 a6 3. Nc3 d6 4. d4 cxd4 5. Qxd4 Nc6 6. Qe3 {[%emt 0:10:34] B50: Sicilian: 2...d6, Miscellaneous.} Nf6 7. h3 g6 8. Be2 Bg7 9. O-O O-O 10. Rd1 Qc7 11. Rb1 {[%emt 0:07:57] [#]} Nb4 $146 ({Predecessor:} 11... b5 12. b3 Bb7 13. Bb2 e6 14. Qf4 Ne5 15. a3 Nh5 16. Qe3 Rac8 17. Nd4 Rfd8 18. Bxh5 gxh5 {1-0 Tahay,A (2400)-Perez Garcia,J (2014) Sitges Sunway op 9th 2022 (1)}) 12. a3 Nc6 (12... Nxc2 $2 13. Qd2 $18) 13. Nd5 Nxd5 14. exd5 Ne5 15. Nxe5 Bxe5 16. Bd3 Bd7 17. Qe2 (17. Qf3 {is more complex.} e6 18. Bh6 Rfe8 19. Be4) 17... Rfe8 18. Be3 b5 19. c4 bxc4 (19... Rab8 $5 ) 20. Bxc4 a5 {[%emt 0:02:06] [#]} (20... Qa5 $11) 21. b4 $1 $16 axb4 22. axb4 Qb7 23. b5 Rec8 (23... Ra5 $16 {was worth a try.}) 24. b6 $18 Ra4 $2 (24... f5 {was called for.} 25. Bb5 Bxb5 26. Qxb5 Kg7) 25. Bb5 Bxb5 26. Qxb5 Rac4 27. Rdc1 Rc2 28. Rxc2 Rxc2 29. Bh6 {[%emt 0:02:29][%cal Rb5e8] [#]} Rc8 {[%emt 0:00:20] Against Qe8+} 30. Rc1 Rxc1+ 31. Bxc1 {[%emt 0:00:17][%mdl 4096] Endgame Hoping for Qc6. KQB-KQB} Bd4 32. Bh6 Qb8 33. b7 Ba7 34. Qc6 f6 35. Qc8+ Kf7 36. Qe6+ $2 (36. Be3 $18 {White wants to mate with Bxa7.} Qxb7 37. Qxb7 Bxe3 38. fxe3) 36... Ke8 $11 {[%emt 0:00:09] The position is equal.} 37. Be3 (37. Qc8+ Kf7 38. Be3 Qxb7 39. Qxb7 Bxe3 40. fxe3 h5 41. Qd7 h4) (37. Qg8+ {seems wilder.} Kd7 38. Qxh7 Qxb7 39. Qxg6 Qxd5 40. Qg4+) 37... Qxb7 38. Qg8+ Kd7 39. Qe6+ Kd8 40. Qg8+ Kd7 41. Qe6+ Kd8 {[%emt 0:00:08] Blacks defense is rewarded with a draw.   Weighted Error Value: White=0.26 (precise) /Black=0.75} 1/2-1/2

[Event "1st FIDE Olympiad DIS 2023"]
[Site "Belgrade"]
[Date "2023.02.02"]
[Round "4.20"]
[White "Naveen, Kumar A."]
[Black "Acs, Gabor"]
[Result "0-1"]
[ECO "D00"]
[WhiteElo "2014"]
[BlackElo "2101"]
[Annotator "TA"]
[PlyCount "67"]
[EventDate "2023.01.30"]
[EventType "team-tourn"]
[EventCountry "SRB"]
[SourceTitle "playchess.com"]
[Source "ChessBase"]
[SourceQuality "1"]
[WhiteTeam "India"]
[BlackTeam "Hungary"]
[WhiteTeamCountry "IND"]
[BlackTeamCountry "HUN"]
[TimeControl "40/5400+30:1800+30"]

1. d4 d5 2. Bf4 Nf6 3. e3 c5 4. c3 Nc6 5. Nd2 Bf5 6. Ngf3 e6 7. Bb5 {[%emt 0:00:48] D00: 1 d4 d5: Unusual lines.} Qb6 8. Qa4 a6 {[%emt 0:03:44] 8...Nd7 is the fancy move.} (8... Rc8 {keeps more tension.} 9. Ne5 a6 10. Bxc6+ bxc6 11. O-O c4) 9. Bxc6+ {[%emt 0:01:32] The position is equal.} Qxc6 10. Qxc6+ bxc6 11. O-O {[%emt 0:04:05] [#]} Be7 $146 ({Predecessor:} 11... Nd7 12. c4 Be7 13. Rfc1 f6 14. Nb3 Rc8 15. Bg3 Bg4 16. dxc5 e5 17. cxd5 cxd5 {½-½ Ding,Y (2424)-Shen,Y (2465) Wch Rapid (Women) 2017 (2)}) 12. Ne5 Rc8 13. Nb3 c4 14. Na5 c5 $1 15. Nec6 cxd4 16. cxd4 Nh5 {[%emt 0:09:41] [#] Hoping for ...Nxf4.} 17. Nxe7 (17. Bb8 $1 $11 {keeps the balance.}) 17... Kxe7 $17 18. Rfc1 {[%emt 0:02:23] White is weak on the light squares} Nxf4 19. exf4 Rc7 {[%emt 0:09:56] Black is more active.} 20. b4 Kd6 21. Rc3 Rb8 22. a3 f6 23. Re1 Re8 24. f3 h5 25. Rd1 (25. Kf2 $17 {keeps fighting.}) 25... Rec8 (25... g5 $19 26. fxg5 fxg5) 26. h4 {[%emt 0:01:50] [#]} (26. Kf2 $17 {is a better defense.}) 26... e5 $1 $19 27. fxe5+ fxe5 28. dxe5+ Kxe5 {[%emt 0:00:15] ...d4 is the strong threat.} 29. Re3+ Kd6 {[%emt 0:01:38] ...c3 would be deadly.} 30. Rc3 Bd3 {[%emt 0:01:03] White must now prevent ...Re8.} 31. Kf2 (31. Rd2 $17 {was worth a try.}) 31... d4 32. Rdxd3 (32. Nxc4+ $17 Bxc4 33. Rxd4+ Ke7 34. Re4+ Kf7 35. Rf4+ Kg6 36. a4) 32... cxd3 33. Rxd3 Kd5 34. Ke2 {[%emt 0:00:00] Weighted Error Value: White=0.42/Black=0.10 (very precise)} 0-1

[Event "1st FIDE Olympiad DIS 2023"]
[Site "Belgrade"]
[Date "2023.02.02"]
[Round "4.20"]
[White "Saidov, Sobirjon"]
[Black "Ilic, Slobodan S"]
[Result "1/2-1/2"]
[ECO "D35"]
[WhiteElo "1510"]
[BlackElo "2027"]
[Annotator "TA"]
[PlyCount "65"]
[EventDate "2023.01.30"]
[EventType "team-tourn"]
[EventCountry "SRB"]
[SourceTitle "playchess.com"]
[Source "ChessBase"]
[SourceQuality "1"]
[WhiteTeam "Uzbekistan"]
[BlackTeam "Bosnia  Herzegovina"]
[WhiteTeamCountry "UZB"]
[BlackTeamCountry "BIH"]
[TimeControl "40/5400+30:1800+30"]

1. d4 Nf6 2. c4 e6 3. Nf3 d5 4. Nc3 Be7 5. cxd5 exd5 6. Bg5 c6 7. e3 Bf5 8. Bd3 Bxd3 9. Qxd3 O-O 10. O-O Nbd7 11. Rac1 Re8 {[%emt 0:01:54] D35: Queen's Gambit Declined: Exchange Variation.} 12. Rfe1 h6 13. Bh4 {[%emt 0:03:55] [#]} Nh5 $146 ({Predecessor:} 13... Nf8 14. Ne5 N6d7 15. Nxd7 Bxh4 16. Nxf8 Rxf8 17. e4 dxe4 18. Nxe4 Re8 19. b3 Qa5 {0-1 Roos,W (1713)-Heimann,K (1612) Muensterland Verbandsliga playoff 2022 (1.5)}) 14. Bxe7 Qxe7 15. Nd2 Nhf6 16. Na4 Qd6 17. Nc5 Nxc5 (17... Ng4 {keeps more tension.} 18. Nf3 Nxc5 19. Rxc5 Nf6) 18. dxc5 Qe7 19. b4 a6 20. f3 g6 21. Nb3 Qc7 22. Qc3 Nd7 23. Qd4 h5 24. e4 dxe4 25. Rxe4 Nf8 26. Qd6 {[%emt 0:00:00] Prevents Rad8. Black is weak on the dark squares} Qc8 (26... Qd8 $11) 27. Rce1 $1 $14 {[%emt 0:01:38] White has more active pieces.} Re6 28. Rxe6 Nxe6 29. Nd4 (29. Na5 $14) 29... Nxd4 $11 30. Qxd4 Qf5 (30... a5 $11) 31. Qe4 (31. h4 $14) 31... Qxe4 32. Rxe4 Kf8 33. a4 {Weighted Error Value: White=0.08 (flawless) /Black=0.11 (very precise)} 1/2-1/2

[Event "1st FIDE Olympiad DIS 2023"]
[Site "Belgrade"]
[Date "2023.02.02"]
[Round "4.21"]
[White "Sahin, Handenur"]
[Black "Jankunas, Tomas"]
[Result "1-0"]
[ECO "B07"]
[WhiteElo "1915"]
[BlackElo "2127"]
[Annotator "TA"]
[PlyCount "51"]
[EventDate "2023.01.30"]
[EventType "team-tourn"]
[EventCountry "SRB"]
[SourceTitle "playchess.com"]
[Source "ChessBase"]
[SourceQuality "1"]
[WhiteTeam "Turkey"]
[BlackTeam "Lithuania"]
[WhiteTeamCountry "TUR"]
[BlackTeamCountry "LTU"]
[TimeControl "40/5400+30:1800+30"]

1. d4 Nf6 2. Nc3 g6 3. e4 d6 4. Bg5 Bg7 5. e5 Nfd7 6. exd6 cxd6 7. Qd2 h6 {[%emt 0:07:10] B07: Pirc Defence: Miscellaneous Systems.} 8. Be3 Nf6 9. h3 Qa5 {[%emt 0:09:52] The position is equal.} 10. Nf3 {[%emt 0:21:30] [#]} Be6 $146 ({Predecessor:} 10... Nc6 11. Bd3 Nb4 12. Bb5+ Bd7 13. Bxd7+ Nxd7 14. O-O Nd5 15. Nxd5 Qxd5 16. b3 Qh5 {0-1 Gurskiy,D (1735)-Klepikov,N (2201) St Petersburg Korchnoi Memorial op 2019 (1)}) 11. Bb5+ Nbd7 12. O-O {[%emt 0:06:22] Threatening d5.} Rc8 13. Rfe1 a6 14. Ba4 Nd5 15. Nxd5 Qxd2 {[%emt 0:06:11][%mdl 8192] This costs Black the game.} ({Better is} 15... Qxa4 $14 16. b3 Qc6) 16. Bxd7+ $18 {[%emt 0:03:06][%mdl 64] [#] Remove Defender} ({Worse is} 16. Bxd2 Bxd5 17. c3 e6 $11) 16... Kxd7 17. Nb6+ {[%emt 0:00:58] Excellent horsemanship.} Kd8 18. Bxd2 {[%emt 0:03:09][%cal Be3d2,Bd2a5,Ba5b4,Bb4d6][%mdl 32] White is clearly winning.} ({Don't play} 18. Nxd2 Rxc2 19. Rac1 Rxc1 20. Rxc1 Rg8 $18) 18... Rxc2 19. Rac1 Rxb2 (19... Rxc1 $142 20. Rxc1 g5) 20. Ba5 {[%emt 0:02:12][%cal Oe1e6] Hoping for Rxe6!} Ke8 21. d5 {[%emt 0:00:54] Black must now prevent Rxe6.} Rb5 22. dxe6 fxe6 23. Nc4 Kf7 24. a4 Rc5 25. Bb4 Rf5 {[%emt 0:00:31] [#]} 26. Bxd6 $1 {[%emt 0:01:36] Weighted Error Value: White=0.06 (flawless) /Black=0.55} 1-0